 Dungeon Crawl Stone Soup version 0.18.1-50-g88ac8fd (console) character file.

8107 Kloppie the Spear-Bearer (level 11, 0/100 HPs)
             Began as a Hill Orc Berserker on Oct 16, 2016.
             Was a Priest of Trog.
             Slain by a hippogriff (5 damage)
             ... on level 1 of the Lair of Beasts.
             The game lasted 00:18:21 (9819 turns).

Kloppie the Spear-Bearer (Hill Orc Berserker)       Turns: 9819, Time: 00:18:21

Health: 0/100      AC: 15    Str: 23    XL:     11   Next: 25%
Magic:  11/11      EV: 10    Int:  9    God:    Trog [***...]
Gold:   561        SH:  0    Dex: 13    Spells: 0 memorised, 10 levels left

rFire  . . .     SeeInvis .     a - +2 trident (venom)
rCold  . . .     Gourm    .     x - +0 scale mail
rNeg   . . .     Faith    .     (no shield)
rPois  .         Spirit   .     f - +1 hat
rElec  .         Dismiss  .     p - +0 cloak
rCorr  .         Reflect  .     t - +1 pair of gloves
SustAt .         Harm     .     k - +1 pair of boots
MR     .....                    (no amulet)
Stlth  ..........               (no ring)
                                w - +2 ring of intelligence

@: lethally poisoned (0 -> -2), exhausted, slowed, very slow, not resistant to
hostile enchantments, extremely unstealthy
A: strong 1
a: Berserk, Trog's Hand, Burn Spellbooks, Renounce Religion


You were on level 1 of the Lair of Beasts.
You worshipped Trog.
Trog was most pleased with you.
You were not hungry.

You visited 2 branches of the dungeon, and saw 12 of its levels.

You collected 690 gold pieces.
You spent 129 gold pieces at shops.

Inventory:

Hand Weapons
 a - a +2 trident of venom (weapon)
 s - a +1 halberd
Armour
 f - a +1 hat (worn)
 k - a +1 pair of boots (worn)
 p - a +0 cloak (worn)
 t - a +1 pair of gloves (worn)
 x - a +0 scale mail (worn)
Jewellery
 w - a +2 ring of intelligence (left hand)
Wands
 b - a wand of acid (10/15)
 d - a wand of disintegration (7/24)
Scrolls
 j - 4 scrolls of teleportation {unknown}
 n - 2 scrolls of enchant weapon
 q - 3 scrolls of recharging {unknown}
 r - 2 scrolls of blinking {unknown}
 u - 3 scrolls of enchant armour
 y - 2 scrolls of remove curse
 B - a scroll of fog {unknown}
 G - a scroll of torment {unknown}
Potions
 e - 3 potions of flight
 g - a potion of magic
 i - 4 potions of curing
 l - a potion of brilliance
 m - 2 potions of might
 v - a potion of berserk rage {unknown}
 z - a potion of agility
 A - a potion of haste
 D - a potion of invisibility {unknown}
Comestibles
 c - 5 bread rations
 h - 4 slices of pizza
 o - 5 beef jerkies
 C - 6 fruits
 E - 5 chunks of flesh
 F - a royal jelly


   Skills:
 + Level 10.2 Fighting
 + Level 14.2 Polearms
 - Level 8.2 Armour
 - Level 1.5 Dodging


You had 10 spell levels left.
You didn't know any spells.

Dungeon Overview and Level Annotations

Branches:
Dungeon (11/15)            Temple (0/1) D:6            Lair (1/8) D:10
    Orc (0/2) D:11

Altars:
Elyvilon
Kikubaaqudgha
Pakellas
Trog
The Shining One

Shops:
D:6 ===!

Portals:
Trove: D:10 (give 20 scrolls of identify)

Annotations:
D:9 exclusion: ice statue


Innate Abilities, Weirdness & Mutations

Your muscles are strong. (Str +2)


Message History

You are feeling very hungry.
You feel the effects of Trog's Hand fading.
You feel sick.
You feel sick.
You start resting.
Eating one of 6 chunks of flesh.
This raw flesh tastes terrible.
You feel sick.
You continue eating.
You feel sick.
You continue eating.
Your skin stops crawling.
You feel less resistant to hostile enchantments.
You feel sick.
You start resting.
You feel sick. x6
A hippogriff is nearby!
You barely miss the hippogriff. The hippogriff bites you.
* * * LOW HITPOINT WARNING * * *
The hippogriff pecks you.
* * * LOW HITPOINT WARNING * * *
The hippogriff claws you.
You die...

#### #..## #P..#
#.P.## ##P.PP##
#PP...P##
##.P#...###.#.#
####.P.......#
##.H@#.P..
#P.######. ######.#
######...##.#####.
...................
.........##........
...P.P≈≈####.......
≈..≈≈P≈≈# .......
≈≈≈≈≈≈P## #......


You could see a hippogriff.

Vanquished Creatures
  A vault guard (D:10)
  Pikel (D:5)
  Joseph (D:7)
  A spiny frog (Lair:1)
  A troll (D:6)
  Prince Ribbit (D:5)
  A hippogriff (D:9)
  2 wraiths
  A hungry ghost (D:7)
  A water moccasin (Lair:1)
  A swamp drake (D:11)
  2 sky beasts
  A black bear (Lair:1)
  6 phantoms
  An eye of draining (D:10)
  2 orc warriors
  7 ogres
  4 necrophages
  A centaur (D:11)
  A crocodile (Lair:1)
  A wyvern zombie (D:9)
  6 giant frogs
  A gnoll sergeant (D:7)
  A water moccasin zombie (D:6)
  2 scorpions
  A water moccasin skeleton (D:8)
  9 wights
  A crimson imp (D:5)
  7 hounds
  A quasit (D:8)
  A giant frog zombie (D:9)
  4 jellies (D:6)
  2 centaur skeletons (D:6)
  5 orc priests
  18 orc wizards
  Jessica (D:2)
  3 giant frog skeletons
  2 iguanas
  Ijyb (D:3)
  Terence (D:3)
  6 worker ants
  A killer bee zombie (D:6)
  A worker ant zombie (D:10)
  6 adders
  10 gnolls
  An ooze (D:7)
  2 worms
  5 dart slugs
  4 giant geckos
  36 orcs
  3 giant cockroaches
  12 goblins
  7 hobgoblins
  15 jackals
  3 quokkas
  3 ball pythons
  A ball python skeleton (D:6)
  6 bats
  3 giant newts
  A jackal skeleton (D:6)
  8 kobolds
  A quokka skeleton (D:6)
  A quokka zombie (D:6)
  5 rats
246 creatures vanquished.

Vanquished Creatures (others)
  2 crimson imps (D:5)
  An orc wizard (D:5)
  A worker ant (D:5)
  An adder (D:5)
  2 orcs (D:5)
  A plant (Lair:1)
8 creatures vanquished.

Grand Total: 254 creatures vanquished

Notes
Turn   | Place    | Note
--------------------------------------------------------------
     0 | D:1      | Kloppie the Hill Orc Berserker began the quest for the Orb.
     0 | D:1      | Reached XP level 1. HP: 19/19 MP: 1/1
   387 | D:1      | Reached XP level 2. HP: 11/27 MP: 2/2
   922 | D:1      | Reached XP level 3. HP: 32/34 MP: 3/3
  1149 | D:1      | Reached skill level 4 in Polearms
  1342 | D:2      | Reached ** piety under Trog
  1412 | D:2      | Reached XP level 4. HP: 41/41 MP: 4/4
  1544 | D:2      | Reached skill level 5 in Fighting
  1834 | D:2      | Noticed Jessica
  1849 | D:2      | Killed Jessica
  2022 | D:3      | Found a white marble altar of Elyvilon.
  2033 | D:3      | Reached XP level 5. HP: 35/48 MP: 5/5
  2045 | D:3      | Noticed Terence
  2067 | D:3      | Killed Terence
  2074 | D:3      | Reached skill level 5 in Polearms
  2192 | D:3      | Noticed Ijyb
  2203 | D:3      | Killed Ijyb
  2616 | D:3      | Found a faded altar to an unknown god.
  2899 | D:3      | Reached XP level 6. HP: 55/57 MP: 6/6
  2981 | D:4      | Reached *** piety under Trog
  3084 | D:4      | Reached skill level 6 in Polearms
  3123 | D:4      | Reached XP level 7. HP: 29/66 MP: 7/7
  3540 | D:4      | Reached skill level 7 in Polearms
  3826 | D:5      | Entered Level 5 of the Dungeon
  3836 | D:5      | Found an oddly glowing altar of Pakellas.
  3867 | D:5      | Noticed Pikel
  3886 | D:5      | Killed Pikel
  3886 | D:5      | Reached skill level 8 in Polearms
  3886 | D:5      | Reached XP level 8. HP: 78/78 MP: 8/8
  4330 | D:5      | Noticed Prince Ribbit
  4346 | D:5      | Killed Prince Ribbit
  4346 | D:5      | Reached skill level 9 in Polearms
  4815 | D:6      | Found Leosoeto's Jewellery Shoppe.
  4831 | D:6      | Reached XP level 9. HP: 75/85 MP: 9/9
  4912 | D:6      | Found Nompuics's Jewellery Shop.
  4919 | D:6      | Bought a cursed ring of loudness for 45 gold pieces
  4977 | D:6      | Bought a cursed ring of teleportation for 58 gold pieces
  4978 | D:6      | Bought a cursed -2 ring of protection for 26 gold pieces
  5000 | D:6      | Found Tekh's Distillery.
  5112 | D:6      | Found Xyacsy's Jewellery Boutique.
  5156 | D:6      | Noticed a troll
  5181 | D:6      | Killed a troll
  5181 | D:6      | Reached skill level 10 in Polearms
  5235 | D:6      | Reached skill level 5 in Armour
  5462 | D:6      | Gained mutation: Your muscles are strong. (Str +2) [potion of beneficial mutation]
  5511 | D:6      | Found a staircase to the Ecumenical Temple.
  5904 | D:6      | Found a glowing golden altar of the Shining One.
  6433 | D:7      | Reached skill level 11 in Polearms
  6446 | D:7      | Reached XP level 10. HP: 90/93 MP: 10/10
  6476 | D:7      | Noticed Joseph
  6496 | D:7      | Killed Joseph
  6581 | D:7      | Reached **** piety under Trog
  6781 | D:7      | Received a gift from Trog
  7033 | D:8      | Found an ancient bone altar of Kikubaaqudgha.
  7291 | D:8      | Found a bloodstained altar of Trog.
  7353 | D:8      | Reached skill level 12 in Polearms
  7583 | D:9      | Noticed an ice statue
  8227 | D:10     | Entered Level 10 of the Dungeon
  8405 | D:10     | Found a staircase to the Lair.
  8407 | D:10     | Noticed a vault guard
  8423 | D:10     | Killed a vault guard
  8423 | D:10     | Received a gift from Trog
  8423 | D:10     | Reached skill level 13 in Polearms
  8530 | D:10     | Reached XP level 11. HP: 99/99 MP: 8/11
  8938 | D:10     | Found a portal to a secret trove of treasure.
  9057 | D:11     | Found a staircase to the Orcish Mines.
  9207 | D:11     | Reached skill level 14 in Polearms
  9444 | D:11     | Reached skill level 10 in Fighting
  9738 | Lair:1   | Entered Level 1 of the Lair of Beasts
  9819 | Lair:1   | HP: 5/100 [hippogriff (3)]
  9819 | Lair:1   | Slain by a hippogriff

Skill      XL: |  1  2  3  4  5  6  7  8  9 10 11 |
---------------+----------------------------------+-----
Fighting       | 4 5 6 7 9 10 | 10.2
Polearms       | 4 5 6 8 9 11 13 14 | 14.2
Armour         | 6 8 |  8.2
Dodging        | |  1.5

Action                   |  1- 3 |  4- 6 |  7- 9 | 10-12 || total
-------------------------+-------+-------+-------+-------++-------
Melee: Spear             |   130 |   233 |   567 |   176 ||  1106
       Trident           |       |       |       |   362 ||   362
Invok: Berserk           |     2 |     3 |    11 |     6 ||    22
       Trog's Hand       |       |     1 |     5 |     6 ||    12
  Use: Scroll            |       |       |    17 |     1 ||    18
       Potion            |       |       |     2 |       ||     2
 Stab: Sleeping          |     5 |       |       |       ||     5
  Eat: Chunk             |     3 |     9 |    11 |    24 ||    47
       Royal jelly       |       |       |     1 |       ||     1
       Meat ration       |       |       |     2 |       ||     2
Armor: Animal skin       |    19 |       |       |       ||    19
       Leather armour    |       |    20 |       |       ||    20
       Scale mail        |       |    55 |   148 |   190 ||   393
       Skin              |       |       |    18 |       ||    18
Dodge: Dodged            |    54 |    82 |   138 |   148 ||   422
